 Dungeon Crawl Stone Soup version 0.17-a0-2055-gb4e23be (webtiles) character file.

4085 radek the Destroyer (level 10, -4/56 HPs)
             Began as a Deep Elf Conjurer on Oct 11, 2015.
             Was a Believer of Vehumet.
             Slain by a swamp worm (19 damage)
             ... on level 8 of the Dungeon.
             The game lasted 01:51:35 (13932 turns).

radek the Destroyer (Deep Elf Conjurer)            Turns: 13932, Time: 01:51:35

Health: -4/56      AC:  5    Str: 10    XL:     10   Next: 5%
Magic:  17/22      EV: 15    Int: 23    God:    Vehumet [**....]
Gold:   402        SH:  0    Dex: 15    Spells: 4 memorised, 12 levels left

rFire  . . .     SeeInvis .     c - +4 dagger
rCold  . . .     Clarity  .     a - +0 robe
rNeg   . . .     SustAt   .     (no shield)
rPois  .         Gourm    .     (no helmet)
rElec  .         Spirit   .     S - +0 cloak
rCorr  .         Warding  .     m - +0 pair of gloves
rMut   +         Stasis   .     w - +0 pair of boots
MR     +....                    f - amulet of resist mutation
Stlth  ++........               u - +4 ring of strength
                                (no ring)

@: somewhat resistant to hostile enchantments, unstealthy
A: no striking features
a: Renounce Religion


You were on level 8 of the Dungeon.
You worshipped Vehumet.
Vehumet was pleased with you.
You were not hungry.

You visited 2 branches of the dungeon, and saw 9 of its levels.
You also visited: Ossuary.

You collected 402 gold pieces.

Inventory:

Hand Weapons
 c - a +4 dagger (weapon)
 y - a +0 blowgun
 A - a +2 hand axe of chopping
 H - a +2 dagger of speed
 P - a cursed -3 hand crossbow
 Q - a +3 spear of freezing
Missiles
 h - 10 tomahawks (quivered)
 z - 25 poisoned needles
Armour
 a - a +0 robe (worn)
 m - a +0 pair of gloves (worn)
 w - a +0 pair of boots (worn)
 D - a +0 robe
 F - a +2 leather armour of magic resistance
 N - a +0 robe
 O - a +0 robe
 S - a +0 cloak (worn)
 U - a cursed +0 helmet
Jewellery
 f - an amulet of resist mutation (around neck)
 s - a -2 ring of dexterity
 u - a +4 ring of strength (right hand)
Wands
 K - a wand of invisibility (9)
Scrolls
 i - 3 scrolls of teleportation
 j - a scroll of magic mapping
 k - 2 scrolls of immolation
 n - 8 scrolls of identify
 o - 3 scrolls of blinking
 q - 2 scrolls of enchant weapon
 x - a scroll of remove curse
 E - a scroll of fear
 R - a scroll of recharging
Potions
 e - a potion of might {unknown}
 l - a potion of curing {unknown}
 p - 2 potions of heal wounds {unknown}
 r - 2 potions of haste {unknown}
 v - a potion of invisibility {unknown}
 B - 2 potions of agility {unknown}
 C - a potion of brilliance {unknown}
 I - a potion of cancellation {unknown}
 L - 2 potions of flight {unknown}
 M - a potion of ambrosia {unknown}
Books
 b - a book of Conjurations

   Spells                             Type                      Level
   a - Magic Dart                     Conjuration                  1
   b - Searing Ray                    Conjuration                  2
   c - Dazzling Spray                 Conjuration/Hexes            3
   d - Fulminant Prism                Conjuration/Hexes            4
   e - Iskenderun's Mystic Blast      Conjuration                  4
   f - Iskenderun's Battlesphere      Conjuration/Charms           5
 J - a book of the Warp

   Spells                             Type                      Level
   a - Recall                         Summoning/Translocation      3
   b - Gell's Gravitas                Hexes/Translocation          3
   c - Force Lance                    Conjuration/Translocation    4
   d - Phase Shift                    Translocation                5
   e - Warp Weapon                    Charms/Translocation         5
   f - Summon Forest                  Summoning/Translocation      5
Miscellaneous
 t - a plain deck of destruction
Comestibles
 d - 2 meat rations
 g - 8 beef jerkies
 G - 7 bread rations


   Skills:
 + Level 3.9 Fighting
 + Level 6.1 Dodging
 - Level 2.4 Stealth
 + Level 6.8 Spellcasting
 * Level 11.1 Conjurations
 - Level 9.9 Charms
 + Level 1.4 Fire Magic


You had 12 spell levels left.
You knew the following spells:

 Your Spells              Type           Power        Failure   Level  Hunger
a - Magic Dart            Conj           ####         1%          1    None
b - Iskenderun's Battles  Conj/Chrm      ######..     3%          5    #####..
c - Searing Ray           Conj           ######       1%          2    None
d - Throw Flame           Conj/Fire      #####.       1%          2    None


Dungeon Overview and Level Annotations

Branches:
Dungeon (8/15)             Temple (1/1) D:6            Lair (0/8) D:8

Altars:
Cheibriados
Dithmenos
Elyvilon
Fedhas
Gozag
Kikubaaqudgha
Makhleb
Nemelex Xobeh
Okawaru
Qazlal
Ru
Sif Muna
Trog
Vehumet
Xom
Yredelemnul
Zin
The Shining One

Shops:
D:5 =?(:


Message History

Gang up on whom?
Press: ? - help, Dir - move target cursor
Aim: Disturbance There's nothing there!
The swamp worm closely misses you. The swamp worm bites you!
Casting: Iskenderun's Battlesphere
Confirm with . or Enter, or press ? or * to list all spells.
Aiming: Magic Dart
Press: ? - help, Shift-Dir - straight line, f - swamp worm
Aim: a swamp worm The magic dart hits the swamp worm.
The swamp worm is lightly wounded.
The swamp worm bites you!!
* * * LOW HITPOINT WARNING * * *
Your battlesphere fires!
The barrage of energy hits the swamp worm.
The swamp worm is heavily wounded.
The swamp worm bites you but does no damage.
The swamp worm bites you!!
You die...

#...# #...# #...# ..
#..## #.. #..# #.#
#..#
#.###########..#
#..#.......(#.*#
#..........#.@#
#......≈≈≈≈≈ww###
#....≈≈≈≈≈≈≈≈≈≈≈##
#...≈≈≈#######≈≈≈#
#..#≈≈##{≈≈≈≈#P≈≈#
####≈≈# {w≈w≈≈≈≈≈#
#.≈≈##≈w{w≈#≈≈≈#
#.≈≈≈#######≈≈≈###
###..≈≈≈≈≈≈≈≈≈{≈...#


You could see 2 swamp worms.

Vanquished Creatures
  5 yaks
  A hungry ghost (D:8)
  Menkaure (D:5)
  A sky beast (D:6)
  A phantom (D:6)
  2 orc warriors
  3 black bears
  An ice beast (D:5)
  5 ogres
  A giant frog (D:7)
  2 scorpions (D:7)
  5 wights (D:6)
  5 crimson imps
  5 hounds
  4 jellies
  2 giant frog zombies
  A gnoll shaman (D:8)
  2 orc priests
  3 orc wizards
  2 giant frog skeletons (D:6)
  4 iguanas
  11 worker ants
  2 centaur skeletons
  2 mummies (Ossuary)
  2 hound skeletons (D:5)
  8 adders
  5 gnolls (D:8)
  A worm zombie (D:5)
  17 worms
  7 giant geckos
  18 orcs
  2 bats
  4 giant cockroaches
  7 goblins
  6 hobgoblins
  16 jackals
  9 kobolds
  2 quokkas (D:8)
  2 ball pythons (D:5)
  2 giant gecko skeletons
  6 giant newts
  3 jackal skeletons
  A quokka skeleton (D:5)
  4 rats
193 creatures vanquished.

Vanquished Creatures (others)
  4 plants
4 creatures vanquished.

Grand Total: 197 creatures vanquished

Notes
Turn   | Place    | Note
--------------------------------------------------------------
     0 | D:1      | radek the Deep Elf Conjurer began the quest for the Orb.
     0 | D:1      | Reached XP level 1. HP: 10/10 MP: 6/6
   509 | D:1      | Reached XP level 2. HP: 15/15 MP: 5/8
   708 | D:2      | Reached skill level 5 in Conjurations
  1036 | D:2      | Reached XP level 3. HP: 19/19 MP: 7/9
  1423 | D:2      | Found a sparkling altar of Nemelex Xobeh.
  2408 | D:3      | Found a stormy altar of Qazlal.
  2657 | D:3      | Reached skill level 6 in Conjurations
  2870 | D:4      | Reached XP level 4. HP: 10/24 MP: 4/10
  3125 | D:4      | Reached skill level 7 in Conjurations
  3125 | D:4      | Reached XP level 5. HP: 21/28 MP: 3/11
  3421 | D:4      | Noticed an ogre
  3442 | D:4      | Killed an ogre
  3442 | D:4      | Reached skill level 8 in Conjurations
  3442 | D:4      | Reached XP level 6. HP: 32/32 MP: 7/12
  3522 | D:4      | Learned a level 5 spell: Iskenderun's Battlesphere
  3526 | D:4      | Learned a level 2 spell: Searing Ray
  4298 | D:3      | Found a faded altar to an unknown god.
  4641 | D:5      | Entered Level 5 of the Dungeon
  4787 | D:5      | Found a blossoming altar of Fedhas.
  4924 | D:5      | Reached skill level 5 in Charms
  4924 | D:5      | Reached XP level 7. HP: 36/36 MP: 7/13
  4970 | D:5      | Found a sand-covered staircase.
  4977 | Ossuary  | Entered an ossuary
  5207 | D:5      | Found Uphiyleb's Book Emporium.
  5262 | D:5      | Found Kin Jef's Antique Weapon Shoppe.
  5442 | D:5      | Found Mudo's Jewellery Shop.
  5670 | D:5      | Found Naijatsu's Magic Scroll Shop.
  5995 | D:5      | Noticed Menkaure
  7463 | D:5      | Killed Menkaure
  7463 | D:5      | Reached skill level 9 in Charms
  7463 | D:5      | Reached XP level 8. HP: 30/41 MP: 1/14
  8071 | D:6      | Found a staircase to the Ecumenical Temple.
  8077 | Temple   | Entered the Ecumenical Temple
  8148 | Temple   | Became a worshipper of Vehumet
  8402 | D:6      | Reached skill level 1 in Fighting
  9418 | D:6      | Acquired Vehumet's first power
  9418 | D:6      | Offered knowledge of Sting by Vehumet.
  9938 | D:6      | Reached XP level 9. HP: 49/49 MP: 12/18
 10031 | D:7      | Reached skill level 5 in Spellcasting
 10319 | D:6      | Reached skill level 10 in Conjurations
 10649 | D:6      | Reached skill level 5 in Dodging
 11345 | D:7      | Found a burning altar of Makhleb.
 11498 | D:7      | Found a glowing silver altar of Zin.
 11505 | D:7      | Found a shimmering altar of Xom.
 11942 | D:8      | Reached skill level 11 in Conjurations
 12101 | D:8      | Found a staircase to the Lair.
 12200 | D:8      | Offered knowledge of Throw Flame by Vehumet.
 12204 | D:8      | Learned a level 2 spell: Throw Flame
 12225 | D:8      | Reached skill level 1 in Fire Magic
 12334 | D:8      | Reached XP level 10. HP: 53/56 MP: 13/22
 13932 | D:8      | Slain by a swamp worm

Vault maps used:
D:1:      minmay_arrival_three_doors
D:2:      nemelex_deck
D:3:      grunt_qazlal_sundering, ecumenical_altar_2
D:5:      enter_ossuary_3, serial_shops, shop, shop,
          nicolae_shop_temple_entry_statues_fountains, shop_fountains,
          first_bread, fedhas_altar_fruit_tree, uniq_menkaure
D:6:      temple_green
D:7:      nicolae_overflow_hidden_temple, grunt_ogre_cave
D:8:      gammafunk_temple_overflow_elements, lair_0_dummy, worms_lemuel,
          uniq_erolcha
Temple:   chambers_temple_12
Ossuary:  ossuary_zaba_flooded

Action                   |  1- 3 |  4- 6 |  7- 9 | 10-12 || total
-------------------------+-------+-------+-------+-------++-------
Melee: Dagger            |       |       |     1 |       ||     1
 Fire: Blowgun           |     1 |     3 |     1 |       ||     5
Throw: Tomahawk          |       |       |     2 |       ||     2
 Cast: Magic Dart        |   125 |   118 |   361 |    98 ||   702
       Iskenderun's Batt |       |       |    23 |     5 ||    28
  Use: Scroll            |     1 |       |     9 |       ||    10
 Stab: Sleeping          |       |     1 |       |       ||     1
  Eat: Chunk             |     5 |     2 |     7 |       ||    14
       Bread ration      |       |     1 |     1 |       ||     2
       Fruit             |       |       |    10 |       ||    10
       Pizza             |       |       |     1 |       ||     1
       Meat ration       |       |       |     2 |     1 ||     3
